 Dungeon Crawl Stone Soup version 0.30-a0-458-g86641cc369 (webtiles) character file.

Game seed: 17355400200720560699

19215 p00ps00p the Cleaver (level 12, -15/113 HPs)
             Began as a Hill Orc Fighter on Dec 15, 2022.
             Was an Initiate of Gozag.
             Engulfed by a cloud of freezing vapour (17 damage)
             ... in an ice cave.
             The game lasted 00:21:06 (12974 turns).

p00ps00p the Cleaver (Hill Orc Fighter)            Turns: 12974, Time: 00:21:06

Health: -15/113    AC: 20    Str: 24    XL:     12   Next: 66%
Magic:  12/12      EV: 14    Int:  8    God:    Gozag
Gold:   153        SH: 16    Dex: 10    Spells: 11/11 levels left

rFire   . . .      SeeInvis .    O - +5 war axe (venom)
rCold   . . .      Faith    .    z - +0 tower shield
rNeg    + . .      Spirit   .    J - +2 chain mail {rN+}
rPois   .          Reflect  .    K - +1 hat
rElec   .          Harm     .    I - +0 cloak {Will+}
rCorr   .          Rampage  .    o - +0 pair of gloves
Will    +....                    h - +1 pair of boots
Stlth   ..........               (no amulet)
HPRegen 0.38/turn                M - +4 ring of evasion
MPRegen 0.13/turn                A - +4 ring of evasion

@: gold aura
A: no striking features
a: Renounce Religion, Potion Petition, Call Merchant, Bribe Branch


You were in an ice cave.
You worshipped Gozag.
Gozag was aware of your devotion.
You visited 2 branches of the dungeon, and saw 12 of its levels.
You also visited: Ice Cave.

You collected 2214 gold pieces.
You spent 746 gold pieces at shops.
You paid 1315 gold pieces to Gozag.

Inventory:

Hand Weapons
 c - a +1 broad axe
 u - a +0 glaive of flaming
 N - the +1 sling of Noon {antimagic, rElec}
   (You bought it in a shop on level 10 of the Dungeon)

   It reduces the magical energy of the wielder, and disrupts the spells and
   magical abilities of those it strikes.
   Natural abilities and divine invocations are not affected.
   rElec:     It insulates you from electricity.
 O - a +5 war axe of venom (weapon)
Missiles
 j - 23 poisoned darts (quivered)
 q - a throwing net
Armour
 f - a +3 plate armour
 h - a +1 pair of boots (worn)
 o - a +0 pair of gloves (worn)
 z - a +0 tower shield (worn)
 H - a +1 cloak
 I - a +0 cloak of willpower (worn)
 J - a +2 chain mail of positive energy (worn)
 K - a +1 hat (worn)
Jewellery
 m - a +4 ring of protection
 A - a +4 ring of evasion (right hand)
 B - a ring of poison resistance
 M - a +4 ring of evasion (left hand)
Wands
 k - a wand of flame (7)
 L - a wand of charming (6)
Scrolls
 a - a scroll of identify
 b - 9 scrolls of teleportation
 g - a scroll of poison
 r - 3 scrolls of noise
 t - 2 scrolls of blinking
 v - a scroll of fog
 y - 3 scrolls of fear
 E - a scroll of amnesia
 G - a scroll of torment
Potions
 d - 2 potions of cancellation
 e - a potion of haste
 i - 4 potions of brilliance
 l - a potion of berserk rage
 n - 4 potions of degeneration
 p - 4 potions of curing
 s - 2 potions of lignification
 w - a potion of heal wounds
 x - 2 potions of attraction {unknown}
 C - 2 potions of magic
 D - a potion of flight {unknown}
 F - a potion of mutation {unknown}


   Skills:
 + Level 12.9 Fighting
 + Level 13.6 Axes
 + Level 11.7 Armour
 + Level 11.8 Shields


You had 11 spell levels left.
You didn't know any spells.
Your spell library contained the following spells:

 Spells                   Type           Power      Damage    Failure   Level
 Freeze                   Ice            0%         1d3       100%        1
 Necrotise                Necr           0%         1d4       100%        1
 Slow                     Hex            0%         N/A       100%        1
 Summon Small Mammal      Summ           0%         N/A       100%        1
 Vampiric Draining        Necr           0%         2d6       100%        3
 Animate Armour           Summ/Erth      0%         N/A       100%        4
 Passage of Golubria      Tloc           0%         N/A       100%        4
 Agony                    Necr           0%         N/A       100%        5
 Blade Hands              Tmut           0%         N/A       100%        5
 Silence                  Hex/Air        0%         N/A       100%        5
 Iron Shot                Conj/Erth      0%         9d1       100%        6
 Lehudib's Crystal Spear  Conj/Erth      0%         10d2      100%        8


Dungeon Overview and Level Annotations

Branches:
Dungeon (11/15)            Temple (1/1) D:5            Lair (0/5) D:8
    Orc (0/2) D:9           IceCv (1/1)

Altars:
Ashenzari
Cheibriados
Dithmenos
Elyvilon
Fedhas
Gozag
Hepliaklqana
Kikubaaqudgha
Makhleb
Nemelex Xobeh
Okawaru
Qazlal
Ru
Sif Muna
Trog
Uskayaw
Vehumet
Wu Jian
Xom
Yredelemnul
Zin
The Shining One

Shops:
D:9 [   D:10 (:(

Annotations:
IceCv exclusion: ice statue


Message History

* * * LOW HITPOINT WARNING * * *
You slash the ice statue!
The ice statue is severely damaged.
The ice statue gestures. x2
You hit the ice statue.
The ice statue is severely damaged.
You slash the ice beast!
The ice beast is poisoned.
The ice statue gestures at you.
The shard of ice hits you but does no damage.
The ice beast hits you but does no damage.
You feel much better.
The ice statue gestures. x2
You block the ice beast's attack.
You hit the ice statue.
The ice statue is severely damaged.
You closely miss the ice beast. You block the ice beast's attack.
Unknown command.
You slash the ice statue!
The ice statue is severely damaged.
You slash the ice beast!
The ice beast looks as sick as possible!
You hit the ice beast.
The ice beast looks as sick as possible!
You slash the ice beast! The ice statue gestures at you.
The freezing blast engulfs you!!
* * * LOW HITPOINT WARNING * * *
You block the ice beast's attack. The ice beast closely misses you.
You block the ice beast's attack.
You slash the ice statue!
You destroy the ice statue!
The ice beast disappears in a puff of smoke! x2
You slash the ice beast!
You are engulfed in freezing vapours.
* * * LOW HITPOINT WARNING * * *
You block the ice beast's attack.
The ice statue is distracted by your dazzling golden aura.
The ice beast attacks as you move away! You block the ice beast's attack.
You are engulfed in freezing vapours.
You die...
Your body crumbles into a pile of gold.

..# ##.. #...# #...
##..## ##....# ##..☼☼○##
#...☼°○@# #### #....YY##
######..## #....§..###
##..##....##
#.........###..........#
#......Y....#.......∩.∩.#
#........##....##.......#
#.......####..#####....##
##......8 #### ##..##
##.#.### ####


You could see 3 ice beasts.

Vanquished Creatures
  Gastronok (D:9)
  A catoblepas (D:10)
  2 centaur warriors (D:8)
  3 two-headed ogres
  Pikel (D:8)
  4 centaur zombies (D:10)
  The ghost of bmack86 the Chopper, a novice MiFi (D:5)
  Maurice (D:8)
  The ghost of lotum the Geomancer, a novice GrEE (D:5)
  The ghost of elongatedgoose the Shooter, a novice SpHu of Okawaru (D:5)
  An ice statue (IceCv)
  Maggie (D:6)
  3 unseen horror zombies (D:10)
  An ice devil (IceCv)
  The ghost of Strat the Cudgeller, an amateur MeRe (D:5)
  A troll (D:10)
  4 meliai zombies (D:10)
  Grinder (D:6)
  A hornet (D:10)
  A yak (D:8)
  3 wyverns
  A steam dragon (D:7)
  A wraith (D:9)
  Grum (D:8)
  Edmund (D:6)
  4 wargs (D:9)
  An acid dragon (D:10)
  2 water moccasins
  The ghost of pokeman the Magician, an amateur DEHW (D:5)
  Duvessa (D:4)
  7 orc warriors
  An ice beast (D:5)
  A sky beast (D:8)
  5 black bears
  6 ogres
  3 wolves (D:8)
  2 centaurs
  6 bullfrogs
  2 gnoll sergeants
  A necrophage (D:5)
  4 scorpions
  10 wights
  Dowan (D:4)
  15 killer bees
  7 howler monkeys
  2 quasits (D:6)
  11 orc priests
  6 hounds
  2 jellies
  6 iguanas
  15 orc wizards
  A troll simulacrum (IceCv)
  3 spriggan simulacra (IceCv)
  A wolf simulacrum (IceCv)
  22 gnolls
  8 adders
  3 naga simulacra (IceCv)
  2 shadow imps (D:6)
  4 white imps
  6 ufetubi
  2 worms (D:3)
  7 dart slugs
  63 orcs
  4 bats
  7 endoplasms
  5 giant cockroaches
  9 goblins
  5 hobgoblins
  16 jackals
  6 quokkas
  2 ball pythons
  7 frilled lizards
  6 kobolds
  4 rats
353 creatures vanquished.

Vanquished Creatures (others)
  Psyche (D:9)
  2 gnolls (D:7)
  3 demonic plants (D:6)
  23 fungi
  17 plants
46 creatures vanquished.

Grand Total: 399 creatures vanquished

Notes
Turn   | Place    | Note
-------+----------+-------------------------------------------
     0 | D:1      | p00ps00p the Hill Orc Fighter began the quest for the Orb.
     0 | D:1      | Reached XP level 1. HP: 19/19 MP: 1/1
    46 | D:1      | Got An Introduction to Magic
    67 | D:1      | Reached XP level 2. HP: 27/27 MP: 2/2
    68 | D:1      | Reached skill level 3 in Axes
   614 | D:1      | Reached XP level 3. HP: 28/33 MP: 3/3
  1243 | D:2      | Reached XP level 4. HP: 40/40 MP: 4/4
  1956 | D:3      | Reached skill level 4 in Axes
  1956 | D:3      | Reached XP level 5. HP: 37/47 MP: 5/5
  2322 | D:3      | Reached skill level 5 in Fighting
  2322 | D:3      | Reached XP level 6. HP: 52/56 MP: 6/6
  2795 | D:3      | Reached skill level 5 in Axes
  2807 | D:3      | Reached skill level 5 in Shields
  2813 | D:3      | Reached skill level 5 in Armour
  2835 | D:3      | Reached XP level 7. HP: 43/62 MP: 7/7
  3500 | D:3      | Found a hazy altar of Hepliaklqana.
  3512 | D:3      | Reached skill level 6 in Axes
  3731 | D:4      | Found a white marble altar of Elyvilon.
  3846 | D:4      | Reached XP level 8. HP: 56/71 MP: 8/8
  4503 | D:4      | Noticed Duvessa
  4503 | D:4      | Noticed Dowan
  4516 | D:4      | Killed Dowan
  4517 | D:4      | Killed Duvessa
  4518 | D:4      | Reached skill level 7 in Axes
  4692 | D:5      | Entered Level 5 of the Dungeon
  4748 | D:5      | Found a runed translucent gate.
  4755 | D:5      | Found a staircase to the Ecumenical Temple.
  4783 | Temple   | Entered the Ecumenical Temple
  5001 | Temple   | Became a worshipper of Gozag Ym Sagoz the Greedy
  5149 | D:5      | Reached XP level 9. HP: 80/80 MP: 9/9
  5310 | D:5      | Reached skill level 8 in Axes
  5334 | D:5      | Found a runed translucent gate.
  5516 | D:5      | Found a runed translucent gate.
  5518 | D:5      | Noticed Strat's ghost (amateur MeRe)
  5518 | D:5      | Noticed lotum's ghost (novice GrEE)
  5518 | D:5      | Noticed bmack86's ghost (novice MiFi)
  5518 | D:5      | Noticed elongatedgoose's ghost (novice SpHu)
  5518 | D:5      | Noticed pokeman's ghost (amateur DEHW)
  5605 | D:5      | Killed pokeman's ghost
  5608 | D:5      | Killed Strat's ghost
  5615 | D:5      | Killed lotum's ghost
  5620 | D:5      | Killed bmack86's ghost
  5621 | D:5      | Reached skill level 9 in Axes
  5670 | D:5      | Killed elongatedgoose's ghost
  5805 | D:6      | Noticed Grinder
  5808 | D:6      | Killed Grinder
  5809 | D:6      | Reached XP level 10. HP: 91/91 MP: 10/10
  5972 | D:6      | Noticed Edmund
  5978 | D:6      | Killed Edmund
  6391 | D:6      | Reached skill level 10 in Axes
  6836 | D:6      | Noticed Maggie
  6857 | D:6      | Killed Maggie
  7486 | D:7      | Found a sacrificial altar of Ru.
  7553 | D:7      | Reached skill level 10 in Fighting
  7838 | D:7      | Found a shimmering blue altar of Sif Muna.
  8030 | D:7      | Found a bloodstained altar of Trog.
  8030 | D:7      | Found a glowing golden altar of the Shining One.
  8316 | D:7      | Found a shimmering altar of Xom.
  8570 | D:8      | Noticed Pikel
  8590 | D:8      | Killed Pikel
  8812 | D:8      | Reached skill level 11 in Axes
  8816 | D:8      | Reached XP level 11. HP: 100/101 MP: 11/11
  9074 | D:8      | Noticed Maurice
  9117 | D:8      | Killed Maurice
  9276 | D:8      | Noticed Grum
  9283 | D:8      | Reached skill level 10 in Shields
  9299 | D:8      | Noticed a centaur warrior
  9302 | D:8      | Killed Grum
  9303 | D:8      | Reached skill level 10 in Armour
  9313 | D:8      | Killed a centaur warrior
  9313 | D:8      | Noticed a centaur warrior
  9328 | D:8      | Killed a centaur warrior
  9906 | D:8      | Found a staircase to the Lair.
 10115 | D:9      | Noticed Psyche
 10122 | D:9      | Killed Psyche
 10123 | D:9      | Reached skill level 12 in Axes
 10368 | D:9      | Bought a runed cloak for 165 gold pieces
 10368 | D:9      | Bought a glowing chain mail for 165 gold pieces
 10530 | D:9      | Found a staircase to the Orcish Mines.
 10618 | D:9      | Noticed Gastronok
 10663 | D:9      | Killed Gastronok
 11169 | D:9      | Noticed a two-headed ogre
 11182 | D:9      | Killed a two-headed ogre
 11518 | D:9      | Reached XP level 12. HP: 102/112 MP: 12/12
 11567 | D:9      | Found a shadowy altar of Dithmenos.
 11715 | D:10     | Entered Level 10 of the Dungeon
 11720 | D:10     | Found a basalt altar of Yredelemnul.
 11863 | D:10     | Reached skill level 13 in Axes
 12008 | D:10     | Noticed a catoblepas
 12046 | D:10     | Killed a catoblepas
 12267 | D:10     | Noticed a two-headed ogre
 12273 | D:10     | Killed a two-headed ogre
 12296 | D:10     | Found a radiant altar of Vehumet.
 12562 | D:10     | Found Keogedosch's Tremendous Tomes.
 12577 | D:10     | Noticed a two-headed ogre
 12586 | D:10     | Killed a two-headed ogre
 12587 | D:10     | Found Morin's Antique Weapon Emporium.
 12661 | D:10     | Bought a transparent sling for 208 gold pieces
 12661 | D:10     | Identified the +1 sling of Noon {antimagic, rElec} (You
                  | bought it in a shop on level 10 of the Dungeon)
 12661 | D:10     | Bought a runed war axe for 208 gold pieces
 12906 | D:11     | Found a frozen archway.
 12920 | IceCv    | Entered an ice cave
 12973 | IceCv    | HP: 2/113 [something (18)]
 12974 | IceCv    | Engulfed by a cloud of freezing vapour

Illustrated notes

Levels and vault maps discovered:
D:1:      minmay_arrival_stair_chambers, layout_basic, st_stairs_14
D:2:      layout_loops_ring, kennysheep_big_empty_room, minmay_pentomino_r2
D:3:      lemuel_castle_with_subvaults [lemuel_castle_interior_carwin_2],
          layout_rooms, mainiacjoe_overflow_paths
D:4:      minmay_inner_zag, layout_rooms,
          mainiacjoe_overflow_concentric_impassable, serial_aquarium,
          aquarium_bridge_square [aquarium_subvault_bridge,
          aquarium_subvault_bridge, aquarium_subvault_bridge,
          aquarium_subvault_wall], aquarium_bridge_square
          [aquarium_subvault_bridge, aquarium_subvault_wall,
          aquarium_subvault_bridge, aquarium_subvault_window],
          aquarium_window_corridor_2, aquarium_window_fake,
          aquarium_window_corner, aquarium_view_2c, aquarium_view_2c,
          dreamdust_princess_corridor, uniq_duvessa
D:5:      layout_cave_pools, minmay_temple_entry_slanted,
          gammafunk_ghost_cemetery
D:6:      layout_loops_corners, serial_demonic, serial_demonic_f,
          serial_demonic_b, serial_demonic_d, serial_demonic_a, uniq_grinder,
          uniq_maggie, uniq_edmund
D:7:      layout_loops_corners, nicolae_sif_muna_condensation,
          amcnicky_altar_gilded, gammafunk_temple_overflow_forgotten
D:8:      minmay_slanted_spiral_squares, layout_layer_cave,
          grunt_lair_entry_orc_guard_hut, minmay_diced_spiral, uniq_pikel,
          uniq_grum, uniq_maurice
D:9:      layout_roguey, nicolae_overflow_crystal_walls, david_orc_1_choice,
          uniq_gastronok, uniq_psyche
D:10:     layout_rooms, kennysheep_little_box, nicolae_yredelemnul_corpse_copse,
          serial_shops, nicolae_shop_advertising_works
          [nicolae_subvault_shop_adworks], nicolae_shop_i_like_big_books
D:11:     layout_roguey, portal_ice_cave_entry_pillars_2
Temple:   nicolae_temple_bog_church
IceCv:    ice_cave_small_demon

Skill      XL: |  1  2  3  4  5  6  7  8  9 10 11 12 |
---------------+-------------------------------------+-----
Axes           | 3 4 5 6 7 9 11 12 13 | 13.6
Fighting       | 4 5 6 7 9 10 11 12 | 12.9
Armour         | 4 5 6 8 9 10 11 | 11.7
Shields        | 4 5 6 8 9 10 11 | 11.8

Action                   |  1- 3 |  4- 6 |  7- 9 | 10-12 || total
-------------------------+-------+-------+-------+-------++-------
Melee: War axe           |    79 |   177 |   323 |   646 ||  1225
Throw: Dart              |       |       |       |     2 ||     2
Invok: Call Merchant     |       |       |       |     2 ||     2
Evoke: Wand              |       |       |       |     1 ||     1
  Use: Scroll            |     3 |    11 |     8 |     9 ||    31
       Potion            |       |       |     6 |     1 ||     7
 Stab: Invisible         |       |       |     5 |       ||     5
       Distracted        |       |       |       |     5 ||     5
       Petrified         |       |       |       |     4 ||     4
Armor: Scale mail        |    25 |       |       |       ||    25
       Chain mail        |     5 |    37 |       |   179 ||   221
       Plate armour      |       |   102 |   256 |   279 ||   637
Dodge: Dodged            |    35 |    61 |   105 |   248 ||   449
Block: Buckler           |    23 |    48 |    86 |   102 ||   259
       Tower shield      |       |       |       |   284 ||   284

Table legend: (Time is in decaauts)
 A = Elapsed time spent in this place.
 B = Non-inter-level travel time spent in this place.
 C = Inter-level travel time spent in this place.
 D = Time resting spent in this place.
 E = Time spent auto-exploring this place.
 F = Levels seen in this place.
 G = Mean time per level.
                   A        B        C        D        E       F      G
               +--------+--------+--------+--------+--------+-----+--------+
         Total |  13179 |  12647 |    532 |   1239 |   8720 |  13 | 1013.8 |
       Dungeon |  12874 |  12383 |    491 |   1239 |   8514 |  11 | 1170.4 |
        Temple |    249 |    208 |     41 |      0 |    189 |   1 |  249.0 |
      Ice Cave |     55 |     55 |      0 |      0 |     17 |   1 |   55.0 |
               +--------+--------+--------+--------+--------+-----+--------+

Top non-repeatable levels by time:
     D:3: 1828 daAuts
     D:9: 1622 daAuts
     D:6: 1547 daAuts
     D:8: 1438 daAuts
     D:7: 1351 daAuts
     D:1: 1098 daAuts
     D:4: 1002 daAuts
    D:10: 986 daAuts
     D:2: 894 daAuts
     D:5: 872 daAuts
  Temple: 249 daAuts
    D:11: 232 daAuts
   IceCv: 55 daAuts
